Jets vs Sénateurs
Created - 1 novembre 2014 at 22:00
Goals
|
| Jets |
0 |
1 |
0 |
1 |
2 |
| Sénateurs |
0 |
1 |
0 |
0 |
1 |
|
Shots
|
| Jets |
12 |
7 |
9 |
2 |
30 |
| Sénateurs |
8 |
11 |
8 |
0 |
27 |
|
1st period
No Goal
Penalties :
Gilbert Brule (Ott) for Hooking (Minor) at 15:20
2nd period
1. Sénateurs , Jean-Pierre Dumont 6 (Daymond Langkow, Darcy Hordichuk) at 3:59 (PP)
2. Jets , Adam Burish 9 (Derek Roy) at 9:04 (SH)
Penalties :
Ales Kotalik (Win) for Hooking (Minor) at 3:42, Todd Bertuzzi (Ott) for Diving (Minor) at 5:58, Darroll Powe (Win) for Holding (Minor) at 8:52, Darcy Hordichuk (Ott) for Cross-checking (Minor) at 18:03
3rd period
No Goal
Penalties :
Andy McDonald (Ott) for High sticking (Minor) at 3:02
Overtime #1
3. Jets , Benoit Pouliot 13 (Derek Roy) at 0:16
Penalties :
No Penalty
Goalie Stats
Maxime Daigneault (Win), 26 saves from 27 shots - (0,963), W, 3-7-1, 60:16 minutes
Jonas Hiller (Ott), 28 saves from 30 shots - (0,933), OTL, 8-3-2, 60:16 minutes
Players Stats for Jets
Player Name G A P +/- PIM S H SB GA TA FO MP PP MP PK MP
------------------------------------------------------------------------------------
Adam Burish 1 0 1 1 0 4 1 0 0 0 0/0 19:22 2:46 1:28
Ales Kotalik 0 0 0 0 2 0 3 1 0 0 0/1 19:52 4:10 0:31
Benoit Pouliot 1 0 1 1 0 3 2 0 0 0 0/1 19:02 3:15 0:14
Colin White 0 0 0 0 0 3 0 1 0 1 0/0 16:00 0:16 0:00
Darroll Powe 0 0 0 0 2 2 2 0 0 1 0/3 11:11 0:41 0:00
Derek Roy 0 2 2 2 0 2 1 0 0 0 14/30 21:02 4:10 1:31
Dmitri Kalinin 0 0 0 2 0 2 0 2 0 0 0/0 24:59 5:27 1:31
Eric Fehr 0 0 0 0 0 0 1 0 1 1 0/0 11:14 0:42 0:00
Fredrik Sjostrom 0 0 0 0 0 2 1 1 1 0 0/1 11:28 0:36 0:17
Greg Campbell 0 0 0 0 0 5 1 0 0 0 1/3 11:53 0:57 0:31
Jussi Jokinen 0 0 0 0 0 0 2 0 1 1 0/1 18:26 3:27 0:00
Kristian Huselius 0 0 0 0 0 0 0 0 1 1 0/0 9:06 0:00 0:00
Marek Zidlicky 0 0 0 0 0 0 1 1 0 0 0/0 20:25 2:13 0:45
Mark Streit 0 0 0 1 0 2 2 0 0 0 0/0 24:17 5:27 1:31
Mikko Koivu 0 0 0 0 0 3 1 0 1 2 1/5 17:13 2:46 0:00
Niklas Hjalmarsson 0 0 0 0 0 0 0 0 0 0 0/0 15:30 2:03 0:00
Tom Preissing 0 0 0 1 0 1 0 0 0 0 0/0 18:29 0:26 0:45
Tuomo Ruutu 0 0 0 0 0 1 1 0 0 0 0/0 9:17 0:18 0:00
Players Stats for Sénateurs
Player Name G A P +/- PIM S H SB GA TA FO MP PP MP PK MP
------------------------------------------------------------------------------------
Andrew Ebbett 0 0 0 0 0 0 2 1 0 0 2/4 12:46 0:00 1:18
Andy Hilbert 0 0 0 0 0 1 1 0 1 0 1/2 15:01 0:00 2:41
Andy McDonald 0 0 0 0 2 3 0 0 1 1 2/2 17:10 0:47 0:48
B.J. Crombeen 0 0 0 0 0 1 2 0 0 0 1/1 11:27 0:00 0:00
Carlo Colaiacovo 0 0 0 0 0 1 0 1 0 0 0/0 20:39 0:45 3:07
Dan Hamhuis 0 0 0 -2 0 1 0 3 1 0 0/0 25:57 1:31 4:18
Darcy Hordichuk 0 1 1 -2 2 1 2 0 0 0 2/5 17:47 1:29 2:58
Daymond Langkow 0 1 1 -2 0 1 1 0 1 0 5/7 18:49 1:29 3:59
Gilbert Brule 0 0 0 0 2 1 1 1 0 0 10/17 18:21 0:47 1:52
Jean-Pierre Dumont 1 0 1 -1 0 7 2 1 0 0 0/0 19:07 1:29 2:02
Nikita Alexeev 0 0 0 0 0 2 0 0 1 0 0/0 9:47 0:00 0:00
Nikolai Kulemin 0 0 0 0 0 1 0 0 0 0 0/0 9:46 0:00 0:14
Ryan Parent 0 0 0 0 0 3 0 1 2 1 0/0 14:08 0:00 0:31
Sami Salo 0 0 0 0 0 1 2 1 0 2 0/0 20:11 0:45 3:07
Todd Bertuzzi 0 0 0 0 2 1 0 0 0 0 1/1 12:59 0:47 0:00
Vernon Fiddler 0 0 0 0 0 0 1 0 0 0 5/6 9:32 0:00 0:00
Vitaly Vishnevsky 0 0 0 -2 0 2 0 1 0 1 0/0 25:57 1:31 4:18
Vladimir Mihalik 0 0 0 0 0 0 2 0 0 0 0/0 13:40 0:00 0:31
3 Stars
1 - Maxime Daigneault (Win)
2 - Derek Roy (Win)
3 - Benoit Pouliot (Win)
Power Play
Jets - 0 on 4 Attempt(s) - 0,00%
Sénateurs - 1 on 2 Attempt(s) - 50,00%
Penalty Kill
Jets - 1 on 2 Attempt(s) - 50,00%
- Score 1 goal in Penalty Kill
Sénateurs - 4 on 4 Attempt(s) - 100,00%
- Score 0 goal in Penalty Kill
Official
Referees : Jackson Dave and L'Ecuyer Frederick
Linesman : Tony Sericolo and Pierre Racicot
Game Notes
No Game Note
Finance
Level 1 -- Attendance: 5805 (96,75%) -- Ticket Income 493 425 $
Level 2 -- Attendance: 4957 (99,14%) -- Ticket Income 247 850 $
Level 3 -- Attendance: 1830 (91,50%) -- Ticket Income 54 900 $
Level 4 -- Attendance: 3896 (97,40%) -- Ticket Income 58 440 $
Luxury Box -- Attendance: 929 (92,90%) -- Ticket Income 157 930 $
Game was played at the Place Banque Scotia
Total Attendance: 17417 (96,76%)
Total Ticket Income: 1 012 545 $
Other Income: 151 882 $
Total Income: 1 164 427 $
Jets
5 vs 5 Forward
Center Left Wing Right Wing Time % Phy DF OF
1 Derek Roy Jussi Jokinen Ales Kotalik 40 1 1 3
2 Mikko Koivu Benoit Pouliot Adam Burish 30 1 1 3
3 Greg Campbell Fredrik Sjostrom Eric Fehr 20 1 2 2
4 Darroll Powe Kristian Huselius Tuomo Ruutu 10 1 2 2
5 vs 5 Defense
Defense Defense Time % Phy DF OF
1 Mark Streit Dmitri Kalinin 40 1 2 2
2 Tom Preissing Marek Zidlicky 30 1 2 2
3 Colin White Niklas Hjalmarsson 20 1 2 2
4 Colin White Dmitri Kalinin 10 1 2 2
PowerPlay Forward
Center Left Wing Right Wing Time % Phy DF OF
1 Derek Roy Benoit Pouliot Ales Kotalik 60 1 1 3
2 Mikko Koivu Jussi Jokinen Adam Burish 40 1 1 3
PowerPlay Defense
Defense Defense Time % Phy DF OF
1 Dmitri Kalinin Mark Streit 60 1 1 3
2 Niklas Hjalmarsson Marek Zidlicky 40 1 1 3
Penalty Kill 4 Players Forward
Center Wing Time % Phy DF OF
1 Derek Roy Adam Burish 60 1 3 1
2 Greg Campbell Ales Kotalik 40 1 3 1
Penalty Kill 4 Players Defense
Defense Defense Time % Phy DF OF
1 Mark Streit Dmitri Kalinin 60 1 4 0
2 Marek Zidlicky Tom Preissing 40 1 4 0
Penalty Kill - 3 Players Forward
Forward Time % Phy DF OF
1 Derek Roy 60 0 4 1
2 Greg Campbell 40 0 4 1
Penalty Kill - 3 Players Defense
Defense Defense Time % Phy DF OF
1 Mark Streit Dmitri Kalinin 60 1 4 0
2 Tom Preissing Marek Zidlicky 40 1 4 0
4 vs 4 Forward
Center Wing Time % Phy DF OF
1 Derek Roy Benoit Pouliot 60 1 2 2
2 Mikko Koivu Jussi Jokinen 40 1 2 2
4 vs 4 Defense
Defense Defense Time % Phy DF OF
1 Tom Preissing Dmitri Kalinin 60 1 2 2
2 Mark Streit Marek Zidlicky 40 1 2 2
Last Minutes Offensive
Center Left Wing Right Wing Defense Defense
Derek Roy Benoit Pouliot Ales Kotalik Mark Streit Dmitri Kalinin
Last Minutes Defensive
Center Left Wing Right Wing Defense Defense
Greg Campbell Jussi Jokinen Ales Kotalik Mark Streit Dmitri Kalinin
Goaltenders
Starting : Maxime Daigneault
Backup : Ilya Bryzgalov
Extra Forwards
Normal : Greg Campbell, Ales Kotalik, Fredrik Sjostrom - PP : Greg Campbell, Ales Kotalik - PK : Fredrik Sjostrom
Extra Defensemen
Normal : Dmitri Kalinin, Mark Streit, Marek Zidlicky - PP : Dmitri Kalinin - PK : Marek Zidlicky, Dmitri Kalinin
Penalty Shots
Benoit Pouliot, Derek Roy, Mikko Koivu, Ales Kotalik, Adam Burish
Sénateurs
5 vs 5 Forward
Center Left Wing Right Wing Time % Phy DF OF
1 Gilbert Brule Andy McDonald Jean-Pierre Dumont 39 1 2 2
2 Daymond Langkow Darcy Hordichuk Todd Bertuzzi 29 1 2 2
3 Andrew Ebbett Andy Hilbert B.J. Crombeen 22 1 2 2
4 Vernon Fiddler Nikolai Kulemin Nikita Alexeev 10 1 2 2
5 vs 5 Defense
Defense Defense Time % Phy DF OF
1 Vitaly Vishnevsky Dan Hamhuis 40 1 2 2
2 Carlo Colaiacovo Sami Salo 30 1 2 2
3 Vladimir Mihalik Ryan Parent 20 1 2 2
4 Vitaly Vishnevsky Dan Hamhuis 10 1 2 2
PowerPlay Forward
Center Left Wing Right Wing Time % Phy DF OF
1 Daymond Langkow Darcy Hordichuk Jean-Pierre Dumont 60 1 2 2
2 Gilbert Brule Andy McDonald Todd Bertuzzi 40 1 2 2
PowerPlay Defense
Defense Defense Time % Phy DF OF
1 Vitaly Vishnevsky Dan Hamhuis 60 1 2 2
2 Carlo Colaiacovo Sami Salo 40 1 2 2
Penalty Kill 4 Players Forward
Center Wing Time % Phy DF OF
1 Darcy Hordichuk Daymond Langkow 60 1 2 2
2 Jean-Pierre Dumont Gilbert Brule 40 1 2 2
Penalty Kill 4 Players Defense
Defense Defense Time % Phy DF OF
1 Vitaly Vishnevsky Dan Hamhuis 60 1 2 2
2 Carlo Colaiacovo Sami Salo 40 1 2 2
Penalty Kill - 3 Players Forward
Forward Time % Phy DF OF
1 Darcy Hordichuk 60 1 2 2
2 Daymond Langkow 40 1 2 2
Penalty Kill - 3 Players Defense
Defense Defense Time % Phy DF OF
1 Vitaly Vishnevsky Dan Hamhuis 60 1 2 2
2 Carlo Colaiacovo Sami Salo 40 1 2 2
4 vs 4 Forward
Center Wing Time % Phy DF OF
1 Darcy Hordichuk Daymond Langkow 60 1 2 2
2 Jean-Pierre Dumont Gilbert Brule 40 1 2 2
4 vs 4 Defense
Defense Defense Time % Phy DF OF
1 Vitaly Vishnevsky Dan Hamhuis 60 1 2 2
2 Carlo Colaiacovo Sami Salo 40 1 2 2
Last Minutes Offensive
Center Left Wing Right Wing Defense Defense
Daymond Langkow Darcy Hordichuk Jean-Pierre Dumont Vitaly Vishnevsky Dan Hamhuis
Last Minutes Defensive
Center Left Wing Right Wing Defense Defense
Daymond Langkow Darcy Hordichuk Jean-Pierre Dumont Vitaly Vishnevsky Dan Hamhuis
Goaltenders
Starting : Jonas Hiller
Backup : Jeff Deslauriers
Extra Forwards
Normal : Andrew Ebbett, B.J. Crombeen, Andy Hilbert - PP : Andrew Ebbett, B.J. Crombeen - PK : Andy Hilbert
Extra Defensemen
Normal : Vladimir Mihalik, Ryan Parent, Carlo Colaiacovo - PP : Vladimir Mihalik - PK : Ryan Parent, Carlo Colaiacovo
Penalty Shots
Darcy Hordichuk, Daymond Langkow, Jean-Pierre Dumont, Gilbert Brule, Andy McDonald
% Time on Ice - Jets
Lines # - Real PCT - Wanted PCT - Time Play
Normal Forward
1 - 31% - 40% - 15:27
2 - 33% - 30% - 16:40
3 - 18% - 20% - 8:48
4 - 18% - 10% - 8:53
Normal Defense
1 - 33% - 40% - 16:23
2 - 38% - 30% - 18:49
3 - 26% - 20% - 12:42
4 - 4% - 10% - 1:54
PP Forward
1 - 57% - 60% - 4:29
2 - 43% - 40% - 3:27
PP Defense
1 - 69% - 60% - 5:27
2 - 31% - 40% - 2:29
PK Forward
1 - 77% - 60% - 1:45
2 - 23% - 40% - 0:31
PK Defense
1 - 67% - 60% - 1:31
2 - 33% - 40% - 0:45
PK3 Forward
1 - 0% - 60%
2 - 0% - 40%
PK3 Defense
1 - 0% - 60%
2 - 0% - 40%
44 Forward
1 - 100% - 60% - 0:16
2 - 0% - 40% - 0:00
44 Defense
1 - 100% - 60% - 0:16
2 - 0% - 40% - 0:00
Last Minute Offensive - 0:00
Last Minute Defensive - 0:00
Total
Forward - 60:16
Defense - 60:16
|
% Time on Ice - Sénateurs
Lines # - Real PCT - Wanted PCT - Time Play
Normal Forward
1 - 33% - 39% - 16:19
2 - 28% - 29% - 13:48
3 - 20% - 22% - 10:09
4 - 19% - 10% - 9:32
Normal Defense
1 - 39% - 40% - 19:11
2 - 34% - 30% - 16:43
3 - 25% - 20% - 12:33
4 - 3% - 10% - 1:21
PP Forward
1 - 65% - 60% - 1:29
2 - 35% - 40% - 0:47
PP Defense
1 - 67% - 60% - 1:31
2 - 33% - 40% - 0:45
PK Forward
1 - 74% - 60% - 5:54
2 - 26% - 40% - 2:02
PK Defense
1 - 61% - 60% - 4:49
2 - 39% - 40% - 3:07
PK3 Forward
1 - 0% - 60%
2 - 0% - 40%
PK3 Defense
1 - 0% - 60%
2 - 0% - 40%
44 Forward
1 - 100% - 60% - 0:16
2 - 0% - 40% - 0:00
44 Defense
1 - 100% - 60% - 0:16
2 - 0% - 40% - 0:00
Last Minute Offensive - 0:00
Last Minute Defensive - 0:00
Total
Forward - 60:16
Defense - 60:16
|
Play by Play
1st period
0:01 of 1st period - Gilbert Brule wins face-off versus Derek Roy in neutral zone.
0:45 of 1st period - Off-side.
0:46 of 1st period - Andrew Ebbett wins face-off versus Fredrik Sjostrom in neutral zone.
1:00 of 1st period - Wrist shot by B.J. Crombeen.
1:00 of 1st period - Shot Misses the Net.
1:02 of 1st period - Snap shot by Carlo Colaiacovo.
1:02 of 1st period - Stopped by Maxime Daigneault without a rebound.
1:03 of 1st period - Vernon Fiddler wins face-off versus Darroll Powe in Jets zone.
1:04 of 1st period - Wrist shot by Nikita Alexeev.
1:04 of 1st period - Stopped by Maxime Daigneault with a rebound.
1:28 of 1st period - Darroll Powe is hit by Darcy Hordichuk.
2:31 of 1st period - Snap shot by Darroll Powe.
2:31 of 1st period - Stopped by Jonas Hiller without a rebound.
2:32 of 1st period - Derek Roy wins face-off versus Gilbert Brule in Sénateurs zone.
3:53 of 1st period - Slapshot by Jean-Pierre Dumont.
3:53 of 1st period - Shot Misses the Net.
4:58 of 1st period - Off-side.
4:59 of 1st period - Vernon Fiddler wins face-off versus Jussi Jokinen in neutral zone.
5:04 of 1st period - Snap shot by Vitaly Vishnevsky.
5:04 of 1st period - Stopped by Maxime Daigneault without a rebound.
5:05 of 1st period - Gilbert Brule wins face-off versus Derek Roy in Jets zone.
5:36 of 1st period - Wrist shot by Mikko Koivu.
5:36 of 1st period - Stopped by Jonas Hiller with a rebound.
6:00 of 1st period - Snap shot by Tuomo Ruutu.
6:00 of 1st period - Shot Blocked by Dan Hamhuis.
6:02 of 1st period - Slapshot by Kristian Huselius.
6:02 of 1st period - Shot Blocked by Andrew Ebbett.
6:04 of 1st period - Slapshot by Tom Preissing.
6:04 of 1st period - Stopped by Jonas Hiller with a rebound.
6:44 of 1st period - Slapshot by Gilbert Brule.
6:44 of 1st period - Deflect By Marek Zidlicky.
6:44 of 1st period - Stopped by Maxime Daigneault without a rebound.
6:45 of 1st period - Andy McDonald wins face-off versus Mikko Koivu in Jets zone.
7:10 of 1st period - Carlo Colaiacovo is hit by Ales Kotalik and loses puck.
7:56 of 1st period - Snap shot by Eric Fehr.
7:56 of 1st period - Shot Misses the Net.
7:58 of 1st period - Slapshot by Niklas Hjalmarsson.
7:58 of 1st period - Shot Misses the Net.
8:16 of 1st period - Wrist shot by Jean-Pierre Dumont.
8:16 of 1st period - Stopped by Maxime Daigneault with a rebound.
8:38 of 1st period - Snap shot by Nikolai Kulemin.
8:38 of 1st period - Deflect By Nikita Alexeev.
8:38 of 1st period - Shot Misses the Net.
8:38 of 1st period - Puck is out of play.
8:39 of 1st period - Vernon Fiddler wins face-off versus Derek Roy in Jets zone.
8:40 of 1st period - Snap shot by Nikita Alexeev.
8:40 of 1st period - Stopped by Maxime Daigneault with a rebound.
8:42 of 1st period - Wrist shot by Nikita Alexeev.
8:42 of 1st period - Shot Blocked by Ales Kotalik.
8:44 of 1st period - Slapshot by Dan Hamhuis.
8:44 of 1st period - Shot Misses the Net.
8:46 of 1st period - Wrist shot by Vitaly Vishnevsky.
8:46 of 1st period - Shot Misses the Net.
10:12 of 1st period - Snap shot by Jussi Jokinen.
10:12 of 1st period - Shot Blocked by Ryan Parent.
10:14 of 1st period - Slapshot by Colin White.
10:14 of 1st period - Shot Misses the Net.
10:16 of 1st period - Wrist shot by Jussi Jokinen.
10:16 of 1st period - Deflect By Derek Roy.
10:16 of 1st period - Stopped by Jonas Hiller without a rebound.
10:17 of 1st period - Gilbert Brule wins face-off versus Derek Roy in Sénateurs zone.
10:17 of 1st period - Gilbert Brule is hit by Derek Roy.
10:52 of 1st period - Snap shot by Mikko Koivu.
10:52 of 1st period - Stopped by Jonas Hiller with a rebound.
12:26 of 1st period - Wrist shot by Benoit Pouliot.
12:26 of 1st period - Shot Blocked by Dan Hamhuis.
12:28 of 1st period - Snap shot by Greg Campbell.
12:28 of 1st period - Shot Misses the Net.
12:30 of 1st period - Snap shot by Fredrik Sjostrom.
12:30 of 1st period - Stopped by Jonas Hiller with a rebound.
12:32 of 1st period - Snap shot by Greg Campbell.
12:32 of 1st period - Stopped by Jonas Hiller with a rebound.
13:13 of 1st period - Icing by Derek Roy.
13:14 of 1st period - Gilbert Brule wins face-off versus Derek Roy in Jets zone.
13:47 of 1st period - Snap shot by Benoit Pouliot.
13:47 of 1st period - Stopped by Jonas Hiller with a rebound.
13:49 of 1st period - Slapshot by Colin White.
13:49 of 1st period - Stopped by Jonas Hiller with a rebound.
15:13 of 1st period - Wrist shot by Benoit Pouliot.
15:13 of 1st period - Shot Blocked by Gilbert Brule.
15:15 of 1st period - Wrist shot by Adam Burish.
15:15 of 1st period - Stopped by Jonas Hiller with a rebound.
15:20 of 1st period - Minor Penalty to Gilbert Brule for Hooking.
15:21 of 1st period - Derek Roy wins face-off versus Darcy Hordichuk in Sénateurs zone.
15:33 of 1st period - Backhand shot by Derek Roy.
15:33 of 1st period - Shot Misses the Net.
15:35 of 1st period - Snap shot by Mark Streit.
15:35 of 1st period - Deflect By Carlo Colaiacovo.
15:35 of 1st period - Stopped by Jonas Hiller with a rebound.
15:37 of 1st period - Snap shot by Greg Campbell.
15:37 of 1st period - Shot Blocked by Sami Salo.
16:43 of 1st period - Vitaly Vishnevsky is hit by Jussi Jokinen and loses puck.
17:20 of 1st period - Penalty to Gilbert Brule is over, Gilbert Brule is back on ice.
17:59 of 1st period - Sami Salo is hit by Fredrik Sjostrom and loses puck.
18:42 of 1st period - Snap shot by Andy McDonald.
18:42 of 1st period - Stopped by Maxime Daigneault without a rebound.
18:43 of 1st period - Derek Roy wins face-off versus Gilbert Brule in Jets zone.
18:43 of 1st period - Derek Roy is hit by Sami Salo.
19:01 of 1st period - Snap shot by Darcy Hordichuk.
19:01 of 1st period - Stopped by Maxime Daigneault with a rebound.
19:13 of 1st period - Dmitri Kalinin is hit by B.J. Crombeen and loses puck.
19:18 of 1st period - Slapshot by B.J. Crombeen.
19:18 of 1st period - Shot Misses the Net.
19:20 of 1st period - Snap shot by Ryan Parent.
19:20 of 1st period - Deflect By Andrew Ebbett.
19:20 of 1st period - Shot Blocked by Dmitri Kalinin.
19:20 of 1st period - Puck is out of play.
19:21 of 1st period - Derek Roy wins face-off versus Gilbert Brule in Jets zone.
19:45 of 1st period - Ales Kotalik is hit by Jean-Pierre Dumont and loses puck.
19:54 of 1st period - Slapshot by Derek Roy.
19:54 of 1st period - Shot Blocked by Vitaly Vishnevsky.
19:56 of 1st period - Slapshot by Mark Streit.
19:56 of 1st period - Stopped by Jonas Hiller without a rebound.
19:57 of 1st period - Daymond Langkow wins face-off versus Mikko Koivu in Sénateurs zone.
Goals for this period are 0 for Jets vs 0 for Sénateurs.
Shots for this period are 12 for Jets vs 8 for Sénateurs.
2nd period
0:01 of 2nd period - Derek Roy wins face-off versus Gilbert Brule in neutral zone.
0:16 of 2nd period - Snap shot by Derek Roy.
0:16 of 2nd period - Shot Misses the Net.
0:26 of 2nd period - Daymond Langkow is hit by Mark Streit.
2:26 of 2nd period - Snap shot by Fredrik Sjostrom.
2:26 of 2nd period - Stopped by Jonas Hiller without a rebound.
2:27 of 2nd period - Gilbert Brule wins face-off versus Greg Campbell in Sénateurs zone.
3:20 of 2nd period - Slapshot by Andy Hilbert.
3:20 of 2nd period - Shot Misses the Net.
3:26 of 2nd period - Snap shot by Vernon Fiddler.
3:26 of 2nd period - Shot Blocked by Colin White.
3:28 of 2nd period - Slapshot by Nikolai Kulemin.
3:28 of 2nd period - Stopped by Maxime Daigneault without a rebound.
3:29 of 2nd period - Andy McDonald wins face-off versus Derek Roy in Jets zone.
3:32 of 2nd period - Snap shot by Jean-Pierre Dumont.
3:32 of 2nd period - Stopped by Maxime Daigneault without a rebound.
3:33 of 2nd period - Gilbert Brule wins face-off versus Ales Kotalik in Jets zone.
3:36 of 2nd period - Wrist shot by Jean-Pierre Dumont.
3:36 of 2nd period - Stopped by Maxime Daigneault with a rebound.
3:38 of 2nd period - Slapshot by Ryan Parent.
3:38 of 2nd period - Stopped by Maxime Daigneault without a rebound.
3:39 of 2nd period - Derek Roy wins face-off versus Gilbert Brule in Jets zone.
3:39 of 2nd period - Derek Roy is hit by Vladimir Mihalik.
3:42 of 2nd period - Minor Penalty to Ales Kotalik for Hooking.
3:43 of 2nd period - Daymond Langkow wins face-off versus Derek Roy in Jets zone.
3:59 of 2nd period - Snap shot by Jean-Pierre Dumont.
3:59 of 2nd period - Goal by Jean-Pierre Dumont - Jets : 0 - Sénateurs : 1.
4:00 of 2nd period - Derek Roy wins face-off versus Gilbert Brule in neutral zone.
4:25 of 2nd period - Daymond Langkow is hit by Mikko Koivu.
4:29 of 2nd period - Snap shot by Dan Hamhuis.
4:29 of 2nd period - Shot Blocked by Dmitri Kalinin.
4:47 of 2nd period - Snap shot by Carlo Colaiacovo.
4:47 of 2nd period - Shot Hit the Post.
4:49 of 2nd period - Slapshot by Ryan Parent.
4:49 of 2nd period - Stopped by Maxime Daigneault with a rebound.
4:51 of 2nd period - Snap shot by Andy Hilbert.
4:51 of 2nd period - Stopped by Maxime Daigneault without a rebound.
4:52 of 2nd period - Derek Roy wins face-off versus Andrew Ebbett in Jets zone.
5:24 of 2nd period - Backhand shot by Jean-Pierre Dumont.
5:24 of 2nd period - Stopped by Maxime Daigneault with a rebound.
5:30 of 2nd period - Slapshot by Benoit Pouliot.
5:30 of 2nd period - Stopped by Jonas Hiller with a rebound.
5:52 of 2nd period - Snap shot by Tuomo Ruutu.
5:52 of 2nd period - Stopped by Jonas Hiller with a rebound.
5:58 of 2nd period - Minor Penalty to Todd Bertuzzi for Diving.
5:59 of 2nd period - Darcy Hordichuk wins face-off versus Derek Roy in Sénateurs zone.
7:55 of 2nd period - Vitaly Vishnevsky is hit by Adam Burish and loses puck.
7:58 of 2nd period - Penalty to Todd Bertuzzi is over, Todd Bertuzzi is back on ice.
8:08 of 2nd period - Snap shot by Jean-Pierre Dumont.
8:08 of 2nd period - Shot Blocked by Fredrik Sjostrom.
8:10 of 2nd period - Wrist shot by Todd Bertuzzi.
8:10 of 2nd period - Stopped by Maxime Daigneault without a rebound.
8:11 of 2nd period - Andrew Ebbett wins face-off versus Greg Campbell in Jets zone.
8:52 of 2nd period - Minor Penalty to Darroll Powe for Holding.
8:53 of 2nd period - Derek Roy wins face-off versus Daymond Langkow in Jets zone.
9:04 of 2nd period - Wrist shot by Derek Roy.
9:04 of 2nd period - Deflect By Adam Burish.
9:04 of 2nd period - Goal by Adam Burish - Jets : 1 - Sénateurs : 1.
9:05 of 2nd period - Daymond Langkow wins face-off versus Derek Roy in neutral zone.
9:16 of 2nd period - Wrist shot by Jean-Pierre Dumont.
9:16 of 2nd period - Stopped by Maxime Daigneault without a rebound.
9:17 of 2nd period - Daymond Langkow wins face-off versus Derek Roy in Jets zone.
10:52 of 2nd period - Penalty to Darroll Powe is over, Darroll Powe is back on ice.
11:02 of 2nd period - Dmitri Kalinin is hit by Vladimir Mihalik and loses puck.
11:25 of 2nd period - Wrist shot by Mikko Koivu.
11:25 of 2nd period - Stopped by Jonas Hiller without a rebound.
11:26 of 2nd period - Mikko Koivu wins face-off versus Vernon Fiddler in Sénateurs zone.
11:41 of 2nd period - Vernon Fiddler is hit by Benoit Pouliot.
12:01 of 2nd period - Ryan Parent is hit by Ales Kotalik and loses puck.
13:15 of 2nd period - Icing by Derek Roy.
13:16 of 2nd period - B.J. Crombeen wins face-off versus Derek Roy in Jets zone.
13:47 of 2nd period - Slapshot by Greg Campbell.
13:47 of 2nd period - Stopped by Jonas Hiller with a rebound.
13:49 of 2nd period - Wrist shot by Greg Campbell.
13:49 of 2nd period - Stopped by Jonas Hiller without a rebound.
13:50 of 2nd period - Daymond Langkow wins face-off versus Mikko Koivu in Sénateurs zone.
14:28 of 2nd period - Sami Salo is hit by Marek Zidlicky and loses puck.
14:59 of 2nd period - Nikolai Kulemin is hit by Benoit Pouliot.
15:37 of 2nd period - Derek Roy is hit by Jean-Pierre Dumont and loses puck.
16:02 of 2nd period - Eric Fehr is hit by Sami Salo and loses puck.
16:47 of 2nd period - Snap shot by Tuomo Ruutu.
16:47 of 2nd period - Shot Blocked by Carlo Colaiacovo.
17:35 of 2nd period - Slapshot by Dan Hamhuis.
17:35 of 2nd period - Stopped by Maxime Daigneault with a rebound.
17:57 of 2nd period - Snap shot by Tuomo Ruutu.
17:57 of 2nd period - Shot Misses the Net.
18:03 of 2nd period - Minor Penalty to Darcy Hordichuk for Cross-checking.
18:04 of 2nd period - Andy Hilbert wins face-off versus Derek Roy in Sénateurs zone.
18:17 of 2nd period - Derek Roy is hit by Daymond Langkow and loses puck.
18:42 of 2nd period - Andy Hilbert is hit by Jussi Jokinen and loses puck.
19:05 of 2nd period - Adam Burish is hit by Andrew Ebbett and loses puck.
Goals for this period are 1 for Jets vs 1 for Sénateurs.
Shots for this period are 7 for Jets vs 11 for Sénateurs.
3rd period
0:01 of 3rd period - Derek Roy wins face-off versus Andy Hilbert in neutral zone.
0:03 of 3rd period - Penalty to Darcy Hordichuk is over, Darcy Hordichuk is back on ice.
0:25 of 3rd period - Andy Hilbert is hit by Mark Streit and loses puck.
1:28 of 3rd period - Mikko Koivu is hit by Vernon Fiddler and loses puck.
1:35 of 3rd period - Snap shot by Nikita Alexeev.
1:35 of 3rd period - Shot Hit the Post.
1:49 of 3rd period - Carlo Colaiacovo is hit by Tuomo Ruutu and loses puck.
2:26 of 3rd period - Icing by Dan Hamhuis.
2:27 of 3rd period - Vernon Fiddler wins face-off versus Benoit Pouliot in Sénateurs zone.
2:42 of 3rd period - Snap shot by Derek Roy.
2:42 of 3rd period - Stopped by Jonas Hiller with a rebound.
2:45 of 3rd period - Icing by Andy McDonald.
2:46 of 3rd period - Derek Roy wins face-off versus Gilbert Brule in Sénateurs zone.
3:02 of 3rd period - Minor Penalty to Andy McDonald for High sticking.
3:03 of 3rd period - Darcy Hordichuk wins face-off versus Derek Roy in Sénateurs zone.
3:15 of 3rd period - Backhand shot by Daymond Langkow.
3:15 of 3rd period - Stopped by Maxime Daigneault without a rebound.
3:16 of 3rd period - Derek Roy wins face-off versus Darcy Hordichuk in Jets zone.
3:26 of 3rd period - Vitaly Vishnevsky is hit by Ales Kotalik and loses puck.
4:51 of 3rd period - Benoit Pouliot is hit by Gilbert Brule and loses puck.
5:02 of 3rd period - Penalty to Andy McDonald is over, Andy McDonald is back on ice.
5:17 of 3rd period - Ryan Parent is hit by Eric Fehr and loses puck.
5:38 of 3rd period - Snap shot by Darroll Powe.
5:38 of 3rd period - Stopped by Jonas Hiller without a rebound.
5:39 of 3rd period - Todd Bertuzzi wins face-off versus Darroll Powe in Sénateurs zone.
6:39 of 3rd period - Snap shot by Nikita Alexeev.
6:39 of 3rd period - Shot Hit the Post.
7:12 of 3rd period - Slapshot by Vitaly Vishnevsky.
7:12 of 3rd period - Stopped by Maxime Daigneault with a rebound.
7:38 of 3rd period - Dan Hamhuis is hit by Darroll Powe and loses puck.
8:16 of 3rd period - Slapshot by Darcy Hordichuk.
8:16 of 3rd period - Shot Misses the Net.
8:53 of 3rd period - Slapshot by Adam Burish.
8:53 of 3rd period - Stopped by Jonas Hiller with a rebound.
8:55 of 3rd period - Snap shot by Colin White.
8:55 of 3rd period - Stopped by Jonas Hiller without a rebound.
8:56 of 3rd period - Gilbert Brule wins face-off versus Derek Roy in Sénateurs zone.
9:01 of 3rd period - Wrist shot by Sami Salo.
9:01 of 3rd period - Stopped by Maxime Daigneault with a rebound.
9:26 of 3rd period - Fredrik Sjostrom is hit by Andrew Ebbett.
9:32 of 3rd period - Slapshot by Dmitri Kalinin.
9:32 of 3rd period - Stopped by Jonas Hiller with a rebound.
9:44 of 3rd period - Slapshot by Vernon Fiddler.
9:44 of 3rd period - Shot Misses the Net.
9:46 of 3rd period - Snap shot by Ryan Parent.
9:46 of 3rd period - Stopped by Maxime Daigneault without a rebound.
9:47 of 3rd period - Vernon Fiddler wins face-off versus Darroll Powe in Jets zone.
10:22 of 3rd period - Slapshot by Andy McDonald.
10:22 of 3rd period - Stopped by Maxime Daigneault with a rebound.
10:32 of 3rd period - Slapshot by Greg Campbell.
10:32 of 3rd period - Stopped by Jonas Hiller without a rebound.
10:33 of 3rd period - Greg Campbell wins face-off versus Andrew Ebbett in Sénateurs zone.
11:11 of 3rd period - Wrist shot by B.J. Crombeen.
11:11 of 3rd period - Stopped by Maxime Daigneault without a rebound.
11:12 of 3rd period - Gilbert Brule wins face-off versus Derek Roy in Jets zone.
11:15 of 3rd period - Slapshot by Jean-Pierre Dumont.
11:15 of 3rd period - Stopped by Maxime Daigneault without a rebound.
11:16 of 3rd period - Gilbert Brule wins face-off versus Derek Roy in Jets zone.
11:23 of 3rd period - Snap shot by Andy McDonald.
11:23 of 3rd period - Stopped by Maxime Daigneault with a rebound.
11:45 of 3rd period - Wrist shot by Benoit Pouliot.
11:45 of 3rd period - Deflect By Adam Burish.
11:45 of 3rd period - Shot Blocked by Dan Hamhuis.
11:45 of 3rd period - Puck is out of play.
11:46 of 3rd period - Gilbert Brule wins face-off versus Mikko Koivu in Sénateurs zone.
13:22 of 3rd period - Slapshot by Adam Burish.
13:22 of 3rd period - Shot Misses the Net.
13:24 of 3rd period - Slapshot by Niklas Hjalmarsson.
13:24 of 3rd period - Shot Misses the Net.
13:26 of 3rd period - Snap shot by Benoit Pouliot.
13:26 of 3rd period - Shot Blocked by Jean-Pierre Dumont.
13:28 of 3rd period - Wrist shot by Adam Burish.
13:28 of 3rd period - Stopped by Jonas Hiller with a rebound.
13:30 of 3rd period - Backhand shot by Colin White.
13:30 of 3rd period - Stopped by Jonas Hiller with a rebound.
13:32 of 3rd period - Slapshot by Niklas Hjalmarsson.
13:32 of 3rd period - Deflect By Benoit Pouliot.
13:32 of 3rd period - Shot Misses the Net.
13:32 of 3rd period - Puck is out of play.
13:33 of 3rd period - Derek Roy wins face-off versus Daymond Langkow in Sénateurs zone.
14:02 of 3rd period - Wrist shot by Greg Campbell.
14:02 of 3rd period - Stopped by Jonas Hiller with a rebound.
14:20 of 3rd period - Snap shot by Marek Zidlicky.
14:20 of 3rd period - Shot Misses the Net.
14:40 of 3rd period - Marek Zidlicky is hit by Darcy Hordichuk and loses puck.
14:45 of 3rd period - Slapshot by Todd Bertuzzi.
14:45 of 3rd period - Shot Misses the Net.
14:57 of 3rd period - Fredrik Sjostrom is hit by Andy Hilbert and loses puck.
15:04 of 3rd period - Snap shot by Andrew Ebbett.
15:04 of 3rd period - Shot Blocked by Marek Zidlicky.
15:57 of 3rd period - Vitaly Vishnevsky is hit by Darroll Powe and loses puck.
16:57 of 3rd period - Marek Zidlicky is hit by B.J. Crombeen and loses puck.
17:08 of 3rd period - Vitaly Vishnevsky is hit by Greg Campbell and loses puck.
Goals for this period are 0 for Jets vs 0 for Sénateurs.
Shots for this period are 9 for Jets vs 8 for Sénateurs.
Overtime #1
0:01 of 1st overtime period - Derek Roy wins face-off versus Darcy Hordichuk in neutral zone.
0:06 of 1st overtime period - Slapshot by Dmitri Kalinin.
0:06 of 1st overtime period - Deflect By Darcy Hordichuk.
0:06 of 1st overtime period - Stopped by Jonas Hiller with a rebound.
0:16 of 1st overtime period - Wrist shot by Benoit Pouliot.
0:16 of 1st overtime period - Goal by Benoit Pouliot - Jets : 2 - Sénateurs : 1.
Goals for this period are 1 for Jets vs 0 for Sénateurs.
Shots for this period are 2 for Jets vs 0 for Sénateurs.
Output by the SimonT Hockey Simulator (STHS) for François Prévost -- Original Page W3C XHTML 1.0 Valid